Map: 여명 - 래더 (공허의 유산)

Players

Stephano

  • Race: Zerg Zerg
  • Spawn Location: 1:00

TYTY (TY) - Winner!

  • Race: Terran Terran
  • League: Diamond
  • Spawn Location: 7:00

Event: WESG 2016 Finals

VOD

Have the link to the VOD?

Description

Time

  • Played on: Jan. 14, 2017, 2:59 a.m.
  • Length: 8:01

All games in this series

Show
View Real Time Build Order
Export as new Build Order

Stephano Zerg 

Build Orders: Hatch First 

Get SALT Encoding   

  12  0:00  Drone  
  13  0:12  Overlord  
  13  0:17  Drone  
  14  0:30  Drone x2  
  14  0:34  Drone  
  17  0:52  Hatchery  
  17  0:55  Drone  
  17  0:58  Drone  
  18  1:12  Spawning Pool  
  18  1:16  Drone  
  18  1:18  Drone  
  19  1:28  Drone  
  20  1:39  Drone  
  21  1:45  Hatchery  
  20  2:00  Zergling x2  
  22  2:01  Zergling x2  
  22  2:03  Queen  
  22  2:06  Queen  
  26  2:12  Drone  
  27  2:15  Overlord  
  27  2:19  Drone  
  28  2:34  Drone x3  
  31  2:39  Queen  
  31  2:42  Queen  
  35  2:50  Drone  
  35  2:51  Overlord  
  36  3:01  Drone x2  
  36  3:03  Drone x2  
  36  3:05  Queen  
  40  3:08  Extractor  
  40  3:10  Extractor, Overlord  
  40  3:14  Drone  
  40  3:15  Drone  
  42  3:20  Overlord  
  42  3:30  Drone x3, Roach Warren  
  42  3:32  Drone  
  42  3:33  Drone  
  45  3:35  Drone  
  46  3:42  Evolution Chamber  
  46  3:43  Evolution Chamber  
  44  3:48  Queen  
  44  3:51  Drone  
  44  3:54  Drone  
  48  3:58  Overlord  
  48  4:02  Drone x2  
  50  4:05  Drone x2  
  52  4:14  Zerg Missile Weapons Level 1  
  46  4:27  Drone  
  46  4:28  Drone x4  
  46  4:31  Drone x4  
  49  4:38  Roach  
  47  4:49  Drone x5  
  51  4:57  Zerg Ground Armor Level 1  
  51  5:00  Roach  
  51  5:04  Roach  
  51  5:05  Drone  
  56  5:10  Drone x2  
  58  5:21  Overlord x2  
  56  5:37  Roach  
  56  5:39  Drone  
  56  5:42  Drone x3  
  58  5:43  Drone  
  58  5:47  Drone x3  
  58  5:48  Drone x4  
  66  5:54  Lair  
  60  6:04  Drone x3  
  60  6:06  Drone  
  59  6:14  Roach x3  
  63  6:21  Drone  
  63  6:24  Drone  
  59  6:27  Drone x2  
  59  6:31  Overlord  
  60  6:35  Drone  
  60  6:39  Drone x2  
  63  6:47  Drone  
  63  6:48  Drone x4  
  63  6:49  Drone  
  63  6:51  Drone  
  70  6:55  Overlord  
  70  7:00  Extractor  
  69  7:02  Extractor  
  69  7:03  Overseer  
  52  7:23  Drone x2  
  52  7:29  Drone x3  
  54  7:31  Roach x4  
  62  7:41  Roach  
  62  7:42  Drone, Roach x2  
  62  7:43  Drone  
  72  7:48  Drone  
  72  7:50  Extractor  
Show
View Real Time Build Order
Export as new Build Order

TYTY Terran - Winner!

Build Orders: Liberator Opening, Mech 

Get SALT Encoding   

  12  0:00  SCV  
  13  0:13  SCV  
  14  0:17  Supply Depot  
  14  0:25  SCV  
  15  0:39  SCV  
  15  0:40  Barracks  
  16  0:45  Refinery  
  16  0:51  SCV  
  17  1:03  SCV  
  18  1:15  SCV  
  19  1:27  Orbital Command, Marine  
  20  1:42  Command Center  
  20  1:52  Factory  
  20  1:56  SCV  
  20  1:59  Marine  
  22  2:06  Supply Depot  
  22  2:09  SCV  
  23  2:17  Barracks Reactor  
  23  2:26  Refinery  
  23  2:27  SCV  
  24  2:39  SCV  
  25  2:46  Starport  
  25  2:51  SCV  
  25  2:54  Orbital Command  
  25  2:57  Hellion x2  
  30  3:03  SCV  
  30  3:16  SCV  
  30  3:18  Hellion x2  
  35  3:22  Medivac  
  35  3:23  SCV  
  38  3:28  SCV  
  38  3:33  Supply Depot  
  39  3:35  SCV  
  39  3:39  Barracks Tech Lab  
  39  3:40  Liberator, Hellion  
  42  3:42  Hellion  
  42  3:43  SCV  
  45  3:49  SCV  
  45  3:55  SCV  
  47  3:58  Supply Depot  
  47  4:02  SCV  
  51  4:04  Hellion  
  51  4:07  SCV  
  54  4:20  Hellion, SCV x2  
  54  4:23  Armory  
  58  4:32  SCV  
  58  4:33  Hellion  
  58  4:35  SCV  
  58  4:37  Supply Depot  
  62  4:59  Hellion, SCV x2  
  66  5:01  Banshee  
  66  5:02  Command Center  
  66  5:03  Cloaking Field  
  66  5:04  Supply Depot  
  69  5:11  SCV  
  70  5:15  SCV  
  70  5:17  Hellion x3  
  70  5:19  Hellion  
  70  5:25  SCV  
  70  5:26  Hellion  
  70  5:27  SCV  
  70  5:34  Barracks Reactor, Refinery  
  70  5:35  Refinery  
  68  5:37  Factory  
  68  5:38  SCV  
  68  5:39  SCV  
  68  5:40  Hellion  
  72  5:44  Banshee  
  72  5:48  Hellion  
  77  5:50  SCV  
  77  5:53  SCV  
  77  5:55  Terran Vehicle Weapons Level 1  
  77  6:01  Hellion  
  77  6:02  SCV  
  77  6:06  SCV  
  78  6:14  Hellion, SCV  
  78  6:18  SCV  
  80  6:24  Orbital Command  
  78  6:26  SCV  
  78  6:32  Cyclone x3  
  88  6:35  Cyclone  
  88  6:37  SCV  
  88  6:38  SCV  
  87  6:42  Supply Depot  
  87  6:43  Supply Depot  
  87  6:44  Supply Depot  
  87  6:45  Supply Depot  
  85  6:51  SCV x2  
  87  6:58  Orbital Command  
  87  6:59  Supply Depot x2  
  85  7:01  Supply Depot  
  85  7:03  SCV x2  
  85  7:05  Hellion x3  
  93  7:15  Supply Depot, SCV x2  
  93  7:16  Supply Depot  
  96  7:29  Hellion x3  
  98  7:30  Hellion, SCV x2  
  98  7:32  SCV  
  98  7:33  Factory  
  98  7:34  Factory x2  
  101  7:41  Starport Reactor  
  101  7:42  SCV x2  
  103  7:45  Refinery  
  103  7:46  Refinery  
  118  8:00  Supply Depot x2  
Tags
 
Add a new tag
Caveats
  • Supply blocks, unpowered buildings, or Contaminate may cause inaccurate times.
  • Supply counts are checked every 10 seconds.